[ AOE2 MATCH · #495360752 ]
UnrankedPersians vs Koreans
Player's team · WIN
Rival team · LOSS
[ REPLAY ANALYSIS · EXTRACTED FROM THE RECORDED GAME ]
Feudal
9:00
Castle
21:15
Imperial
—
| APM avg | 44.9 |
| APM peak | 97 |
| eAPM avg | 29.7 |
| Villagers / military | 126 / 87 |
Focus
⚔️ 40.6% · 🌾 59.4%
Knight ×48 · Fishing Ship ×18 · Camel Scout ×13 · Unknown (2626) ×12 · Petard ×8 · Scout Cavalry ×6
Feudal
9:58
Castle
22:00
Imperial
—
| APM avg | 55.2 |
| APM peak | 105 |
| eAPM avg | 33.8 |
| Villagers / military | 109 / 100 |
Focus
⚔️ 50.2% · 🌾 49.8%
Cavalry Archer ×44 · Fire Lancer ×39 · Fishing Ship ×21 · Unknown (2626) ×8 · Petard ×4 · Spearman ×4
Match map
Initial resources + every placement click. Lines = walls · curves = elevation contours. ◆ gold · ⬟ stone · ● berries · ✦ relic · ◌ wall gap
Your base· Open — unwalled flank
LE | Dia franptom's base· ✓ Closed at 22:00 · 61t walls · 1 gate(s)
Smoothed initial terrain · ◌ = detected wall gap · hover for details
Inputs per minute
— 1000 AURA SIX SEVEN - - LE | Dia franptom
Build order — 1000 AURA SIX SEVEN
First 150 of 378 actions detected
| 0:01 | Create | Villager (Male) |
| 0:01 | Create | Villager (Male) |
| 0:02 | Build | House |
| 0:03 | Build | House |
| 0:07 | Create | Villager (Male) |
| 0:07 | Create | Villager (Male) |
| 0:13 | Create | Villager (Male) |
| 1:21 | Build | Lumber Camp |
| 1:28 | Create | Villager (Male) |
| 1:53 | Create | Villager (Male) |
| 2:13 | Create | Villager (Male) |
| 2:34 | Create | Villager (Male) |
| 2:50 | Build | House |
| 2:59 | Create | Villager (Male) |
| 3:22 | Build | Dock |
| 3:25 | Create | Villager (Male) |
| 3:43 | Create | Villager (Male) |
| 4:14 | Create | Fishing Ship |
| 4:18 | Build | House |
| 4:34 | Create | Villager (Male) |
| 4:34 | Create | Villager (Male) |
| 4:48 | Research | Loom |
| 4:50 | Create | Fishing Ship |
| 5:09 | Create | Villager (Male) |
| 5:09 | Research | Loom |
| 5:23 | Create | Fishing Ship |
| 5:47 | Create | Villager (Male) |
| 5:47 | Research | Loom |
| 6:01 | Build | House |
| 6:12 | Create | Fishing Ship |
| 6:30 | Build | Palisade Wall |
| 6:31 | Build | Palisade Wall |
| 6:35 | Build | Palisade Wall |
| 6:57 | Research | Feudal Age |
| 7:14 | Build | Lumber Camp |
| 7:56 | Create | Villager (Male) |
| 8:14 | Create | Villager (Male) |
| 8:17 | Build | Barracks |
| 8:29 | Create | Fishing Ship |
| 8:31 | Create | Villager (Male) |
| 8:41 | Create | Villager (Male) |
| 9:00 | Age | Feudal Age |
| 9:03 | Research | Double-Bit Axe |
| 9:11 | Build | Stable |
| 9:16 | Build | House |
| 9:20 | Create | Villager (Male) |
| 9:24 | Build | House |
| 9:34 | Build | Palisade Wall |
| 9:35 | Build | Palisade Wall |
| 9:48 | Build | House |
| 9:50 | Create | Scout Cavalry |
| 9:54 | Create | Scout Cavalry |
| 9:58 | Create | Villager (Male) |
| 10:08 | Build | Palisade Wall |
| 10:11 | Build | Palisade Wall |
| 10:12 | Build | Palisade Wall |
| 10:13 | Build | Palisade Wall |
| 10:13 | Build | Palisade Wall |
| 10:17 | Create | Scout Cavalry |
| 10:26 | Build | Mining Camp |
| 10:37 | Create | Galley |
| 10:41 | Create | Villager (Male) |
| 10:44 | Build | House |
| 10:57 | Build | Dock |
| 11:00 | Create | Scout Cavalry |
| 11:01 | Create | Villager (Male) |
| 11:05 | Build | House |
| 11:25 | Create | Villager (Male) |
| 11:35 | Build | House |
| 11:40 | Build | House |
| 11:41 | Build | Palisade Wall |
| 11:50 | Create | Unit 2626 |
| 11:56 | Create | Villager (Male) |
| 12:04 | Build | House |
| 12:05 | Build | Palisade Wall |
| 12:06 | Build | House |
| 12:06 | Build | Palisade Wall |
| 12:34 | Create | Villager (Male) |
| 12:37 | Create | Unit 2626 |
| 12:38 | Create | Unit 2626 |
| 12:58 | Create | Villager (Male) |
| 13:01 | Build | Mill |
| 13:17 | Create | Villager (Male) |
| 13:28 | Create | Unit 2626 |
| 13:33 | Create | Unit 2626 |
| 14:07 | Create | Unit 2626 |
| 14:14 | Create | Villager (Male) |
| 14:34 | Create | Villager (Male) |
| 14:34 | Create | Villager (Male) |
| 14:38 | Create | Unit 2626 |
| 14:54 | Create | Fishing Ship ×2 |
| 15:25 | Create | Villager (Male) |
| 15:28 | Build | Farm |
| 15:28 | Build | Farm |
| 15:28 | Build | Farm |
| 15:33 | Create | Scout Cavalry |
| 15:44 | Create | Villager (Male) |
| 15:47 | Build | House |
| 16:02 | Create | Fishing Ship |
| 16:08 | Create | Villager (Male) |
| 16:25 | Create | Unit 2626 |
| 16:28 | Create | Villager (Male) |
| 16:38 | Create | Villager (Male) |
| 16:41 | Build | Farm |
| 16:48 | Create | Villager (Male) |
| 16:59 | Research | Tech 906 |
| 17:01 | Create | Fishing Ship |
| 17:07 | Build | House |
| 17:16 | Create | Scout Cavalry |
| 17:33 | Create | Villager (Male) |
| 17:57 | Create | Villager (Male) |
| 18:02 | Build | Market |
| 18:11 | Create | Unit 2626 |
| 18:13 | Create | Unit 2626 |
| 18:19 | Create | Villager (Male) |
| 18:23 | Create | Villager (Male) |
| 18:47 | Build | Dock |
| 18:49 | Research | Castle Age |
| 19:04 | Create | Unit 2626 |
| 19:26 | Create | Demolition Raft |
| 19:28 | Create | Fishing Ship |
| 19:29 | Create | Fishing Ship |
| 19:32 | Create | Villager (Male) |
| 19:40 | Build | House |
| 19:43 | Build | House |
| 19:44 | Build | House |
| 19:45 | Build | House |
| 19:45 | Build | House |
| 19:47 | Create | Villager (Male) |
| 19:49 | Research | Gold Mining |
| 20:07 | Create | Villager (Male) |
| 20:09 | Create | Galley |
| 20:18 | Build | Dock |
| 20:25 | Create | Villager (Male) |
| 20:38 | Create | Fishing Ship |
| 20:38 | Create | Fishing Ship |
| 20:41 | Create | Villager (Male) |
| 20:44 | Create | Fishing Ship |
| 20:52 | Create | Villager (Male) |
| 21:15 | Age | Castle Age |
| 21:17 | Build | Town Center |
| 21:23 | Build | Town Center |
| 21:25 | Create | Villager (Male) |
| 21:29 | Research | Bow Saw |
| 21:43 | Research | War Galley (upgrade) |
| 21:47 | Build | Palisade Wall |
| 21:49 | Build | Palisade Wall |
| 21:51 | Build | Palisade Wall |
| 21:59 | Build | Palisade Wall |
| 22:00 | Build | Palisade Wall |
Build order — LE | Dia franptom
First 150 of 325 actions detected
| 0:01 | Create | Villager (Male) |
| 0:01 | Create | Villager (Male) |
| 0:04 | Build | House |
| 0:12 | Build | House |
| 0:17 | Create | Villager (Male) |
| 0:17 | Create | Villager (Male) |
| 1:24 | Create | Villager (Male) |
| 1:24 | Create | Villager (Male) |
| 2:00 | Create | Villager (Male) |
| 2:00 | Create | Villager (Male) |
| 2:12 | Build | Lumber Camp |
| 2:30 | Create | Villager (Male) |
| 2:30 | Create | Villager (Male) |
| 2:36 | Create | Villager (Male) |
| 2:37 | Create | Villager (Male) |
| 2:59 | Create | Villager (Male) |
| 2:59 | Create | Villager (Male) |
| 3:22 | Create | Villager (Male) |
| 3:23 | Create | Villager (Male) |
| 3:32 | Build | House |
| 3:46 | Create | Villager (Male) |
| 4:19 | Create | Villager (Male) |
| 4:19 | Create | Villager (Male) |
| 4:46 | Create | Villager (Male) |
| 4:46 | Create | Villager (Male) |
| 4:53 | Build | Dock |
| 5:04 | Create | Villager (Male) |
| 5:04 | Create | Villager (Male) |
| 5:15 | Build | House |
| 5:18 | Create | Villager (Male) |
| 5:19 | Create | Villager (Male) |
| 5:36 | Create | Fishing Ship |
| 5:38 | Build | Palisade Wall |
| 5:39 | Build | Palisade Wall |
| 6:07 | Build | Palisade Wall |
| 6:21 | Create | Villager (Male) |
| 6:32 | Build | Palisade Wall |
| 6:37 | Create | Fishing Ship |
| 6:51 | Create | Villager (Male) |
| 6:58 | Research | Loom |
| 6:58 | Research | Loom |
| 7:48 | Research | Feudal Age |
| 7:48 | Research | Feudal Age |
| 8:19 | Build | House |
| 8:28 | Build | Mining Camp |
| 8:35 | Create | Fishing Ship |
| 9:07 | Build | Dock |
| 9:29 | Create | Villager (Male) |
| 9:58 | Age | Feudal Age |
| 10:05 | Create | Unit 2626 |
| 10:07 | Create | Fire Galley |
| 10:54 | Create | Unit 2626 |
| 11:00 | Build | House |
| 11:03 | Create | Villager (Male) |
| 11:03 | Create | Villager (Male) |
| 11:08 | Build | House |
| 11:09 | Build | House |
| 11:10 | Build | House |
| 11:16 | Build | Palisade Wall |
| 11:17 | Build | Palisade Wall |
| 11:18 | Build | Palisade Wall |
| 11:34 | Build | Barracks |
| 11:52 | Create | Villager (Male) |
| 12:06 | Build | House |
| 12:14 | Create | Fishing Ship |
| 12:14 | Create | Fishing Ship |
| 12:21 | Build | Palisade Gate |
| 12:24 | Build | House |
| 12:28 | Create | Spearman |
| 12:28 | Create | Spearman |
| 12:36 | Create | Villager (Male) |
| 12:37 | Create | Villager (Male) |
| 12:48 | Create | Galley |
| 12:58 | Build | Palisade Wall |
| 13:00 | Create | Villager (Male) |
| 13:05 | Create | Spearman |
| 13:18 | Create | Unit 2626 |
| 13:39 | Create | Villager (Male) |
| 13:40 | Create | Villager (Male) |
| 14:08 | Create | Fishing Ship |
| 14:08 | Create | Fishing Ship |
| 14:31 | Build | Blacksmith |
| 14:34 | Create | Villager (Male) |
| 14:36 | Build | Mill |
| 14:40 | Create | Fishing Ship |
| 14:43 | Create | Unit 2626 |
| 15:01 | Create | Villager (Male) |
| 15:11 | Create | Unit 2626 |
| 15:27 | Create | Villager (Male) |
| 15:35 | Create | Villager (Male) |
| 15:42 | Create | Unit 2626 |
| 15:45 | Create | Fishing Ship |
| 15:46 | Create | Fishing Ship |
| 16:03 | Build | Market |
| 16:07 | Create | Villager (Male) |
| 16:12 | Create | Fishing Ship |
| 16:31 | Create | Unit 2626 |
| 16:33 | Create | Villager (Male) |
| 16:42 | Build | Farm |
| 17:02 | Build | Dock |
| 17:06 | Build | House |
| 17:19 | Build | House |
| 17:39 | Create | Unit 2626 |
| 18:02 | Create | Villager (Male) |
| 18:03 | Create | Villager (Male) |
| 18:05 | Build | Farm |
| 18:16 | Build | House |
| 18:37 | Create | Villager (Male) |
| 18:58 | Create | Fire Galley |
| 19:20 | Research | Castle Age |
| 19:31 | Build | Archery Range |
| 19:32 | Build | Archery Range |
| 19:43 | Build | Stone Wall |
| 19:48 | Create | Fishing Ship |
| 19:48 | Create | Fishing Ship |
| 19:50 | Research | Fletching |
| 19:57 | Build | House |
| 20:01 | Build | Stone Wall |
| 20:14 | Create | Fishing Ship |
| 20:14 | Create | Fishing Ship |
| 20:14 | Create | Fishing Ship |
| 20:28 | Build | House |
| 20:32 | Research | Double-Bit Axe |
| 20:32 | Research | Double-Bit Axe |
| 20:45 | Build | House |
| 21:01 | Build | Archery Range |
| 21:38 | Build | House |
| 21:47 | Research | Tech 906 |
| 21:58 | Create | Galley |
| 22:00 | Age | Castle Age |
| 22:07 | Research | Bodkin Arrow |
| 22:07 | Research | Bodkin Arrow |
| 22:10 | Create | Skirmisher |
| 22:10 | Create | Skirmisher |
| 22:11 | Create | Skirmisher |
| 22:11 | Create | Skirmisher |
| 22:18 | Create | Cavalry Archer |
| 22:19 | Create | Cavalry Archer |
| 22:19 | Create | Cavalry Archer |
| 22:20 | Create | Cavalry Archer |
| 22:23 | Research | Bow Saw |
| 22:23 | Research | Bow Saw |
| 22:23 | Create | Villager (Male) |
| 22:24 | Create | Villager (Male) |
| 22:43 | Build | Palisade Gate |
| 22:45 | Build | Palisade Wall |
| 22:49 | Build | Palisade Wall |
| 22:59 | Create | Fishing Ship |
| 23:00 | Create | Fishing Ship |
| 23:00 | Create | Fishing Ship |
Match timeline
| 3:22 | 1000 AURA SIX SEVEN · first_building Dock |
| 4:53 | LE | Dia franptom · first_building Dock |
| 5:38 | LE | Dia franptom · wall_segment Palisade Wall x1 |
| 5:39 | LE | Dia franptom · wall_segment Palisade Wall x1 |
| 6:07 | LE | Dia franptom · wall_segment Palisade Wall x1 |
| 6:30 | 1000 AURA SIX SEVEN · wall_segment Palisade Wall x1 |
| 6:31 | 1000 AURA SIX SEVEN · wall_segment Palisade Wall x1 |
| 6:32 | LE | Dia franptom · wall_segment Palisade Wall x16 |
| 6:35 | 1000 AURA SIX SEVEN · wall_segment Palisade Wall x1 |
| 8:17 | 1000 AURA SIX SEVEN · first_building Barracks |
| 9:00 | 1000 AURA SIX SEVEN · age_up feudal |
| 9:11 | 1000 AURA SIX SEVEN · first_building Stable |
| 9:34 | 1000 AURA SIX SEVEN · wall_segment Palisade Wall x1 |
| 9:35 | 1000 AURA SIX SEVEN · wall_segment Palisade Wall x1 |
| 9:58 | LE | Dia franptom · age_up feudal |
| 10:08 | 1000 AURA SIX SEVEN · wall_segment Palisade Wall x1 |
| 10:11 | 1000 AURA SIX SEVEN · wall_segment Palisade Wall x1 |
| 10:12 | 1000 AURA SIX SEVEN · wall_segment Palisade Wall x1 |
| 10:13 | 1000 AURA SIX SEVEN · wall_segment Palisade Wall x1 |
| 10:13 | 1000 AURA SIX SEVEN · wall_segment Palisade Wall x1 |
| 11:16 | LE | Dia franptom · wall_segment Palisade Wall x1 |
| 11:17 | LE | Dia franptom · wall_segment Palisade Wall x1 |
| 11:18 | LE | Dia franptom · wall_segment Palisade Wall x1 |
| 11:34 | LE | Dia franptom · first_building Barracks |
| 11:41 | 1000 AURA SIX SEVEN · wall_segment Palisade Wall x11 |
| 12:05 | 1000 AURA SIX SEVEN · wall_segment Palisade Wall x2 |
| 12:06 | 1000 AURA SIX SEVEN · wall_segment Palisade Wall x2 |
| 12:58 | LE | Dia franptom · wall_segment Palisade Wall x20 |
| 18:34 | 1000 AURA SIX SEVEN · first_market_buy 500 food |
| 19:31 | LE | Dia franptom · first_building Archery Range |
| 19:43 | LE | Dia franptom · wall_segment Stone Wall x10 |
| 20:01 | LE | Dia franptom · wall_segment Stone Wall x10 |
| 21:15 | 1000 AURA SIX SEVEN · age_up castle |
| 21:37 | 1000 AURA SIX SEVEN · first_market_sell 100 food |
| 21:47 | 1000 AURA SIX SEVEN · wall_segment Palisade Wall x1 |
| 21:49 | 1000 AURA SIX SEVEN · wall_segment Palisade Wall x1 |
| 21:51 | 1000 AURA SIX SEVEN · wall_segment Palisade Wall x1 |
| 21:59 | 1000 AURA SIX SEVEN · wall_segment Palisade Wall x1 |
| 22:00 | 1000 AURA SIX SEVEN · wall_segment Palisade Wall x1 |
| 22:00 | LE | Dia franptom · age_up castle |
| 22:28 | 1000 AURA SIX SEVEN · first_building Monastery |
| 22:45 | LE | Dia franptom · wall_segment Palisade Wall x1 |
| 22:49 | LE | Dia franptom · wall_segment Palisade Wall x1 |
| 24:45 | 1000 AURA SIX SEVEN · wall_segment Stone Wall x4 |
| 25:07 | 1000 AURA SIX SEVEN · wall_segment Stone Wall x5 |
| 25:10 | LE | Dia franptom · first_market_sell 100 wood |
| 26:19 | 1000 AURA SIX SEVEN · first_building Siege Workshop |
| 28:01 | 1000 AURA SIX SEVEN · wall_segment Stone Wall x1 |
| 28:02 | LE | Dia franptom · first_building Siege Workshop |
| 29:48 | 1000 AURA SIX SEVEN · first_building Castle |
| 33:51 | LE | Dia franptom · first_building Castle |
| 36:36 | LE | Dia franptom · first_market_buy 100 wood |
| 37:59 | LE | Dia franptom · resign |
[ AI ANALYSIS · 1 CREDIT ]
What really happened in this match?
Wolo.gg analyzes every decision: build order, eco, micro, common mistakes by bracket. Personalized analysis on WhatsApp or Discord in 30 seconds.
Civ guide
Persians
Perfil
Capuccino Assassino